 Dungeon Crawl Stone Soup version 0.25.0-9-g26727b657a (webtiles) character file.

Game seed: 2195452169248188753

352 theswoord the Slasher (level 6, 0/44 HPs)
             Began as a Demonspawn Gladiator on June 16, 2020.
             Was an Initiate of Wu Jian.
             Slain by Grinder (8 damage)
             ... while paralysed by Grinder
             ... on level 3 of the Dungeon.
             The game lasted 00:04:27 (2845 turns).

theswoord the Slasher (Demonspawn Gladiator)        Turns: 2845, Time: 00:04:28

Health: 0/44       AC:  7    Str: 16    XL:     6   Next: 34%
Magic:  6/6        EV:  2    Int:  9    God:    Wu Jian [......]
Gold:   120        SH:  0    Dex: 15    Spells: 5/5 levels left

rFire    + . .     SeeInvis .   a - +0 long sword
rCold    + . .     Gourm    .   (no shield)
rNeg     . . .     Faith    .   b - +0 leather armour
rPois    .         Spirit   .   c - +0 helmet
rElec    .         Reflect  .   r - scarf {rC+ rF+}
rCorr    .         Harm     .   (no gloves)
MR       .....                  n - +0 pair of boots
Stlth    +.........             (no amulet)
HPRegen  0.14/turn              (no ring)
MPRegen  0.10/turn              (no ring)

@: paralysed, flying
A: claws 1, thin metallic scales 1, spiny 2
a: Renounce Religion


You were on level 3 of the Dungeon.
You worshipped Wu Jian.
Wu Jian was noncommittal.
You were not hungry.

You visited 1 branch of the dungeon, and saw 3 of its levels.

You collected 120 gold pieces.

Inventory:

Hand Weapons
 a - a +0 long sword (weapon)
 h - a +1 hand axe of flaming
Missiles
 d - 3 throwing nets (quivered)
Armour
 b - a +0 leather armour (worn)
 c - a +0 helmet (worn)
 n - a +0 pair of boots (worn)
 r - a scarf of resistance (worn)
Scrolls
 i - 3 scrolls of immolation {unknown}
 j - 2 scrolls of random uselessness {unknown}
 k - 2 scrolls of identify {unknown}
 o - a scroll of blinking {unknown}
 p - 2 scrolls of remove curse {unknown}
Potions
 e - 3 potions of stabbing
 l - a potion of cancellation
 q - a potion of curing
 s - a potion of heal wounds
Comestibles
 f - 4 rations
 g - 8 chunks of flesh


   Skills:
 - Level 2.0 Fighting
 + Level 6.6 Long Blades
 - Level 1.7 Throwing
 - Level 2.6 Dodging


You had 5 spell levels left.
You didn't know any spells.
Your spell library was empty.

Dungeon Overview and Level Annotations

Branches:
Dungeon (3/15)

Altars:
Gozag
Nemelex Xobeh
Wu Jian

Annotations:
D:3 3 runed translucent doors, Grinder; ra1n577's ghost, amateur DDFi


Innate Abilities, Weirdness & Mutations

You have sharp fingernails.
You are partially covered in thin metallic scales. (AC +2)
You are mostly covered in sharp spines.


Message History

Grinder blinks!
You barely miss Grinder.
Grinder is almost dead.
Grinder gestures at you.
You suddenly lose the ability to move!
Grinder hits you.
You writhe in agony.
Grinder hits you.
* * * LOW HITPOINT WARNING * * *
You writhe in agony.
* * * LOW HITPOINT WARNING * * *
Grinder gestures at you. Pain shoots through your body!
* * * LOW HITPOINT WARNING * * *
Grinder blinks!
Grinder is struck by your spines. Grinder hits you.
* * * LOW HITPOINT WARNING * * *
You writhe in agony.
* * * LOW HITPOINT WARNING * * *
Grinder hits you!
You die...

.##.#.#####.#.#
..#.#.......#.##
..#.#.#######.#..
..#.#.#.......#)#
..#.#.#.#######.#
..#.#.#.......#.#
###.#.#..####.#.########
......#..####.#5........ #
..............#.@....... .#
#.....#..####.#(#########.#
##.##.#..####.......#.....#.#
...)...........<........>....
##..#.#..####..........######
#..#.#..# #.#.######.##.#..
#..#.#..# #.#.........))#.#
#####.#..# #.#..#####.##)#.#
# ......#..####.#...#
#.##.#.##.#


You could see Grinder.

Vanquished Creatures
  Sigmund (D:3)
  Jessica (D:3)
  Terence (D:3)
  2 orc wizards (D:3)
  2 adders
  An ooze (D:1)
  2 worms
  4 dart slugs
  2 leopard geckos
  An orc (D:3)
  6 giant cockroaches
  7 hobgoblins
  2 jackals (D:1)
  8 kobolds
  4 bats
  3 frilled lizards
  6 goblins
  6 rats
59 creatures vanquished.

Notes
Turn   | Place    | Note
-------+----------+-------------------------------------------
     0 | D:1      | theswoord the Demonspawn Gladiator began the quest for the
                  | Orb.
     0 | D:1      | Reached XP level 1. HP: 16/16 MP: 1/1
   144 | D:1      | Reached skill level 3 in Long Blades
   477 | D:1      | Gained mutation: You are partially covered in sharp spines.
                  | [demonic ancestry]
   477 | D:1      | Reached XP level 2. HP: 20/22 MP: 2/2
   801 | D:1      | Gained mutation: You have sharp fingernails. [demonic
                  | ancestry]
   801 | D:1      | Reached XP level 3. HP: 19/27 MP: 3/3
  1139 | D:2      | Reached skill level 4 in Long Blades
  1593 | D:2      | Found a faded altar of an unknown god.
  1762 | D:2      | Found a sparkling altar of Nemelex Xobeh.
  1763 | D:2      | Found an opulent altar of Gozag.
  1901 | D:3      | Gained mutation: You are partially covered in thin metallic
                  | scales. (AC +2) [demonic ancestry]
  1901 | D:3      | Reached XP level 4. HP: 33/33 MP: 4/4
  1902 | D:3      | Noticed Jessica
  1966 | D:3      | Killed Jessica
  1966 | D:3      | Reached skill level 5 in Long Blades
  1974 | D:3      | Gained mutation: You are mostly covered in sharp spines.
                  | [demonic ancestry]
  1974 | D:3      | Reached XP level 5. HP: 28/38 MP: 5/5
  2212 | D:3      | Noticed Sigmund
  2230 | D:3      | Killed Sigmund
  2230 | D:3      | Reached skill level 6 in Long Blades
  2230 | D:3      | Reached XP level 6. HP: 26/44 MP: 6/6
  2370 | D:3      | Found an ornate altar of the Wu Jian Council.
  2384 | D:3      | Became a worshipper of the Wu Jian Council
  2455 | D:3      | Found a runed translucent gate.
  2455 | D:3      | Found a runed translucent gate.
  2455 | D:3      | Found a runed translucent gate.
  2457 | D:3      | Noticed ra1n577's ghost (amateur DDFi)
  2754 | D:3      | Noticed Terence
  2762 | D:3      | Killed Terence
  2822 | D:3      | Noticed Grinder
  2831 | D:3      | Paralysed by Grinder for 5 turns
  2839 | D:3      | Paralysed by Grinder for 7 turns
  2845 | D:3      | Slain by Grinder

Skill      XL: |  1  2  3  4  5 |
---------------+----------------+-----
Long Blades    | 3 4 5 6 |  6.6
Fighting       | |  2.0
Throwing       | |  1.7
Dodging        | |  2.6

Action                   |  1- 3 |  4- 6 || total
-------------------------+-------+-------++-------
Melee: Long sword        |    89 |    72 ||   161
Invok: Lunge             |       |     2 ||     2
  Use: Potion            |       |     6 ||     6
 Stab: Sleeping          |     1 |     1 ||     2
  Eat: Chunk             |     3 |     3 ||     6
Armor: Leather armour    |    20 |    15 ||    35
       Skin              |       |    26 ||    26
Dodge: Dodged            |    51 |    18 ||    69
       Rpst.: Long sword |    17 |     3 ||    20

Levels and vault maps discovered:
D:1:      roderic_crop_circles_arrival_small, layout_loops_ring,
          minmay_misc_feat_chi, item_on_display_a
D:2:      layout_rooms, grunt_temple_overflow_opulence,
          chequers_ecumenical_altar_simple_redux, dk_noncrumbling_2
D:3:      layout_basic, nicolae_overflow_crystal_walls, first_ration,
          gammafunk_ghost_necromancy, uniq_grinder, uniq_jessica, uniq_terence,
          uniq_sigmund
